 Dungeon Crawl Stone Soup version 0.21-a0-92-g7bf63f6 (webtiles) character file.

64390 Ordine the Bludgeoner (level 15, -4/90 HPs)
             Began as a Gargoyle Fighter on July 1, 2017.
             Was the Champion of Okawaru.
             Slain by an enormous slime creature (38 damage)
             ... on level 14 of the Dungeon.
             The game lasted 01:00:18 (19977 turns).

Ordine the Bludgeoner (Gargoyle Fighter)           Turns: 19977, Time: 01:00:18

Health: -4/90      AC: 33    Str: 20    XL:     15   Next: 12%
Magic:  0/21       EV: 11    Int: 12    God:    Okawaru [******]
Gold:   667        SH: 14    Dex: 16    Spells: 13/14 levels left

rFire    + . .     SeeInvis .   Y - +6 demon whip (elec)
rCold    . . .     Gourm    .   c - +0 shield
rNeg     + . .     Faith    .   y - +0 chain mail
rPois    ∞         Spirit   +   n - +1 helmet
rElec    +         Reflect  .   X - +2 cloak
rCorr    +         Harm     .   i - +0 pair of gloves {archery}
MR       ++...                  z - +1 pair of boots {Fly}
Stlth    ..........             p - amulet of guardian spirit
HPRegen  0.25/turn              x - ring "Aqora" {rCorr MR+ Dex+4}
MPRegen  0.17/turn              J - ring of protection from fire

@: flying
A: big wings, negative energy resistance 1, electricity resistance, unbreathing,
petrification resistance, rot immunity, AC +11
a: Stop Flying, Heroism, Finesse, Renounce Religion


You were on level 14 of the Dungeon.
You worshipped Okawaru.
Okawaru was exalted by your worship.
You were near starving.

You visited 3 branches of the dungeon, and saw 21 of its levels.
You also visited: Sewer.

You collected 1276 gold pieces.
You spent 609 gold pieces at shops.

Inventory:

Hand Weapons
 Y - a +6 demon whip of electrocution (weapon)
Armour
 c - a +0 shield (worn)
 i - a +0 pair of gloves of archery (worn)
 n - a +1 helmet (worn)
 y - a +0 chain mail (worn)
 z - a +1 pair of boots of flying (worn)
 X - a +2 cloak (worn)
Magical Staves
 v - an uncursed staff of wizardry
Jewellery
 p - an amulet of guardian spirit (around neck)
 x - the ring "Aqora" (left hand) {rCorr MR+ Dex+4}
   (You found it on level 12 of the Dungeon)

   [ring of resist corrosion]

   It affects your dexterity (+4).
   It affects your resistance to hostile enchantments.
 A - an uncursed ring of protection from cold
 J - a ring of protection from fire (right hand)
Scrolls
 b - a scroll of fear
 l - 7 scrolls of remove curse
 q - a scroll of amnesia
 G - 3 scrolls of blinking
 H - 4 scrolls of teleportation
 L - 2 scrolls of magic mapping
 N - 3 scrolls of fog
Potions
 e - 2 potions of resistance
 g - 5 potions of heal wounds
 h - a potion of haste
 o - 5 potions of agility
 r - 2 potions of ambrosia
 s - 4 potions of cancellation
 u - a potion of magic
 C - 9 potions of curing
 F - a potion of berserk rage
 M - 2 potions of invisibility
 O - 4 potions of mutation
 W - a potion of lignification
Books
 j - a book of Party Tricks

   Spells                             Type                      Level
   a - Summon Butterflies             Summoning                    1
   b - Apportation                    Translocation                1
   c - Lesser Beckoning               Translocation                3
   d - Tukima's Dance                 Hexes                        3
   e - Alistair's Intoxication        Transmutation/Poison         5
   f - Invisibility                   Hexes                        6
 k - a book of the Earth

   Spells                             Type                      Level
   a - Leda's Liquefaction            Hexes/Earth                  4
   b - Bolt of Magma                  Conjuration/Fire/Earth       5
   c - Statue Form                    Transmutation/Earth          6
   d - Iron Shot                      Conjuration/Earth            6
   e - Shatter                        Earth                        9
 w - Heucajau's Compendium of Weightlessness and Arcane Weapons
   (You found it on level 12 of the Dungeon)

   Spells                             Type                      Level
   a - Searing Ray                    Conjuration                  2
   b - Poisonous Vapours              Poison/Air                   2
   c - Throw Icicle                   Conjuration/Ice              4
   d - Sticky Flame                   Conjuration/Fire             4
   e - Bolt of Cold                   Conjuration/Ice              6
Comestibles
 a - a meat ration
 d - 2 royal jellies
 f - 8 bread rations
 m - 3 fruits


   Skills:
 + Level 9.3 Fighting
 - Level 15.0 Maces & Flails
 * Level 12.2 Armour
 + Level 6.3 Dodging
 + Level 14.2 Shields
 + Level 8.1 Invocations


You had 13 spell levels left.
You knew the following spells:

 Your Spells              Type           Power        Failure   Level  Hunger
a - Apportation           Tloc           #.....       93%         1    ##.....


Dungeon Overview and Level Annotations

Branches:
Dungeon (14/15)            Temple (1/1) D:7            Lair (6/6) D:10
 Shoals (0/4) Lair:3       Spider (0/4) Lair:2        Slime (0/5) Lair:5
    Orc (0/2) D:10         Vaults (0/5) D:13

Altars:
Ashenzari
Cheibriados
Dithmenos
Elyvilon
Fedhas
Gozag
Hepliaklqana
Kikubaaqudgha
Makhleb
Nemelex Xobeh
Okawaru
Qazlal
Ru
Sif Muna
Trog
Uskayaw
Vehumet
Wu Jian
Xom
Yredelemnul
Zin
The Shining One

Shops:
D:8 ?[:}%   D:9 ?   D:10 (

Annotations:
D:1 1 exclusion


Innate Abilities, Weirdness & Mutations

You are resistant to torment.
Your stone body is resilient. (AC +11)
You are immune to poison.
Your large and strong wings let you fly indefinitely.
You resist negative energy. (rN+)
You are resistant to electric shocks. (rElec)
You can survive without breathing.
You are immune to petrification.
You are immune to rotting.


Message History

You block the enormous slime creature's attack.
You thrash the enormous slime creature!!
The enormous slime creature is heavily wounded.
You whack the enormous slime creature!
The enormous slime creature is severely wounded.
The enormous slime creature hits you!!
You are too injured to fight recklessly!
You are too injured to fight recklessly!
You are too injured to fight recklessly!
You hit the enormous slime creature.
The enormous slime creature is severely wounded.
Your chain mail prevents you from hitting the enormous slime creature.
The enormous slime creature is severely wounded.
You block the enormous slime creature's attack.
Your chain mail prevents you from hitting the enormous slime creature.
The enormous slime creature is severely wounded.
You completely miss the enormous slime creature.
The enormous slime creature is severely wounded.
The enormous slime creature hits you!!!
You die...

#.......##.###.## ..
.)......###.# #.#
#..###....## #.# #.#
#..###...#####.# #.#
#............#.###.#
#...########.......#
#....#.#.#[#.....###
#.#J#.#.##.###.#
#@#.#.#.# #.#
#.#.#.#.##.# #.#
#..##.#.#†#.# #.#
#..#$#.#.#†.# #.#
....########.# #.#
####..........# #.#
...........##
#######..#### ...>


You could see an enormous slime creature.

Vanquished Creatures
  The ghost of xsansara the Impaler, a journeyman MiFi of Gozag (Lair:6)
  An ettin (D:13)
  A fire dragon (Lair:6)
  A yaktaur captain (D:12)
  Erolcha (D:13)
  An ogre mage (D:12)
  An ice dragon (D:12)
  2 centaur warriors
  A hydra (Lair:5)
  A death knight (D:11)
  A catoblepas (Lair:6)
  Erica (D:11)
  4 two-headed ogres
  10 death yaks
  A fire crab (shapeshifter) (D:13)
  A fire crab (Lair:6)
  3 unseen horrors
  2 lindwurms
  2 oklob plants (Lair:5)
  12 ugly things
  2 cyclopes (D:12)
  10 slime creatures
  A manticore (D:11)
  5 black mambas
  11 elephants
  2 molten gargoyles (Lair:6)
  A merfolk siren (Lair:3)
  9 spiny frogs
  A rime drake (Lair:6)
  A kobold demonologist (D:12)
  7 komodo dragons
  2 demonic crawlers (D:14)
  2 trolls
  2 hornets (D:12)
  9 blink frogs
  10 hippogriffs
  A vampire (D:13)
  A water elemental (D:11)
  2 redbacks (Lair:2)
  3 wraiths
  7 wyverns
  27 yaks
  Grum (D:11)
  The ghost of Zigma the Ruffian, an amateur DrMo (D:4)
  A golden eye (shapeshifter) (D:13)
  7 basilisks
  2 steam dragons
  5 vampire mosquitoes
  5 hungry ghosts
  An acid dragon (D:14)
  4 hell hounds (Lair:6)
  9 water moccasins
  6 porcupines
  3 ice beasts
  3 orc warriors
  4 phantoms
  3 sky beasts
  A necrophage (D:6)
  3 ogres
  5 wolves
  8 centaurs
  2 crocodiles (Lair:3)
  17 bullfrogs
  4 big kobolds
  A wyvern zombie (D:11)
  A gnoll sergeant (D:8)
  7 scorpions
  6 killer bees (D:9)
  4 wights (D:12)
  4 howler monkeys
  5 electric eels (D:11)
  5 crimson imps
  5 lava snakes (Lair:6)
  3 bullfrog zombies
  A quasit (D:8)
  2 jellies
  A centaur zombie (D:10)
  4 hounds
  A gnoll shaman (D:8)
  7 orc priests
  2 bullfrog skeletons
  6 iguanas
  11 orc wizards
  4 worker ants
  A hound zombie (D:10)
  A hound skeleton (D:9)
  2 howler monkey zombies (D:8)
  Robin (D:2)
  A howler monkey skeleton (D:7)
  15 gnolls
  14 adders
  A river rat (D:6)
  2 shadow imps (D:9)
  2 oozes
  An adder skeleton (D:5)
  3 worms (D:6)
  2 dart slugs
  5 leopard geckos
  45 orcs
  3 ball pythons
  4 giant cockroaches
  8 hobgoblins
  7 jackals
  5 quokkas
  7 bats
  6 frilled lizards
  18 goblins
  25 kobolds
  2 quokka skeletons (D:6)
  15 rats
535 creatures vanquished.

Vanquished Creatures (others)
  2 fungi
  A plant (Lair:6)
3 creatures vanquished.

Grand Total: 538 creatures vanquished

Notes
Turn   | Place    | Note
-------+----------+-------------------------------------------
     0 | D:1      | Ordine the Gargoyle Fighter began the quest for the Orb.
     0 | D:1      | Reached XP level 1. HP: 14/14 MP: 1/1
   249 | D:1      | Reached XP level 2. HP: 19/19 MP: 2/2
   736 | D:1      | Reached skill level 3 in Maces & Flails
   737 | D:1      | Reached XP level 3. HP: 23/23 MP: 3/3
   740 | D:1      | Noticed a big kobold
   741 | D:1      | Noticed a big kobold
   743 | D:1      | Noticed a big kobold
   744 | D:1      | Noticed a big kobold
  1464 | D:2      | Noticed Robin
  1478 | D:2      | Reached XP level 4. HP: 20/28 MP: 4/4
  1489 | D:2      | Killed Robin
  1723 | D:2      | Reached skill level 4 in Maces & Flails
  2126 | D:3      | Reached XP level 5. HP: 27/32 MP: 5/5
  2797 | D:4      | Noticed Zigma's ghost (amateur DrMo)
  2810 | D:4      | Killed Zigma's ghost
  2810 | D:4      | Reached skill level 5 in Maces & Flails
  2810 | D:4      | Reached XP level 6. HP: 37/37 MP: 6/6
  3117 | D:4      | Found a hazy altar of Hepliaklqana.
  3216 | D:5      | Entered Level 5 of the Dungeon
  3276 | D:5      | Reached skill level 5 in Shields
  3379 | D:5      | Reached skill level 6 in Maces & Flails
  3404 | D:5      | Found a deep blue altar of Sif Muna.
  3438 | D:5      | Reached XP level 7. HP: 27/41 MP: 4/7
  3439 | D:5      | Identified Sif Muna's Reference Book on Clay
  4008 | D:5      | Reached skill level 7 in Maces & Flails
  4126 | D:5      | Found an iron altar of Okawaru.
  4157 | D:5      | Became a worshipper of Warmaster Okawaru
  4310 | D:5      | Reached XP level 8. HP: 41/46 MP: 8/8
  4543 | D:6      | Reached skill level 8 in Maces & Flails
  4667 | D:6      | Found a glowing drain.
  4675 | Sewer    | Entered a sewer
  5194 | D:6      | Reached * piety under Okawaru
  5194 | D:6      | Reached skill level 9 in Maces & Flails
  5359 | D:6      | Reached XP level 9. HP: 45/51 MP: 7/9
  5617 | D:6      | Reached skill level 10 in Maces & Flails
  5858 | D:7      | Found an iron altar of Okawaru.
  6104 | D:7      | Reached ** piety under Okawaru
  6493 | D:7      | Reached skill level 11 in Maces & Flails
  6504 | D:7      | Found a staircase to the Ecumenical Temple.
  6510 | Temple   | Entered the Ecumenical Temple
  6883 | D:8      | Found Mymit's Magic Scroll Shoppe.
  6902 | D:8      | Reached *** piety under Okawaru
  6918 | D:8      | Bought a scroll of brand weapon for 220 gold pieces
  6918 | D:8      | Bought a scroll of identify for 22 gold pieces
  6918 | D:8      | Bought a scroll of identify for 22 gold pieces
  6940 | D:8      | Noticed a two-headed ogre
  6955 | D:8      | Killed a two-headed ogre
  6955 | D:8      | Reached XP level 10. HP: 43/56 MP: 8/10
  6993 | D:8      | Found Haakkol's Book Emporium.
  7306 | D:8      | Found Yveidgh's Antique Armour Shoppe.
  7396 | D:8      | Found Meguamubb's Food Boutique.
  7424 | D:8      | Found Larimp's Gadget Emporium.
  7434 | D:8      | Reached skill level 12 in Maces & Flails
  7464 | D:8      | Found a bloodstained altar of Trog.
  7867 | D:9      | Noticed a two-headed ogre
  7889 | D:9      | Killed a two-headed ogre
  7889 | D:9      | Reached **** piety under Okawaru
  7892 | D:9      | Reached skill level 10 in Shields
  8356 | D:9      | Reached skill level 13 in Maces & Flails
  8387 | D:9      | Found Qeufye's Magic Scroll Boutique.
  8561 | D:8      | Bought a pair of glowing gloves for 225 gold pieces
  8695 | D:9      | Reached ***** piety under Okawaru
  8697 | D:9      | Reached XP level 11. HP: 43/60 MP: 7/11
  9017 | D:10     | Entered Level 10 of the Dungeon
  9038 | D:10     | Noticed a two-headed ogre
  9059 | D:10     | Killed a two-headed ogre
  9217 | D:10     | Found a staircase to the Orcish Mines.
  9278 | D:10     | Found Togaempa's Weapon Boutique.
  9437 | D:10     | Noticed a death yak
  9437 | D:10     | Noticed a death yak
  9438 | D:10     | Noticed a centaur warrior
  9476 | D:9      | Killed a death yak
  9643 | D:9      | Killed a centaur warrior
  9643 | D:9      | Received a gift from Okawaru
  9643 | D:9      | Reached skill level 14 in Maces & Flails
  9660 | D:9      | Killed a death yak
  9678 | D:9      | Got a fine morningstar {god gift}
  9680 | D:9      | Identified the +7 morningstar of Guel {freeze, Dex+2} (Okawaru gifted it to you on level 9 of the Dungeon)
  9852 | D:10     | Found a burning altar of Makhleb.
  9882 | D:10     | Found a staircase to the Lair.
  9884 | D:10     | Noticed a death yak
  9897 | D:10     | Killed a death yak
 10004 | Lair:1   | Entered Level 1 of the Lair of Beasts
 10015 | Lair:1   | Got a crystal rapier
 10016 | Lair:1   | Identified the cursed +3 rapier "Kecut" {flame, rC+ Dex+2} (You found it on level 1 of the Lair of Beasts)
 10233 | Lair:1   | Got a dazzling leather armour
 10244 | Lair:1   | Identified the +3 leather armour of the Snake Pit {rF+} (You found it on level 1 of the Lair of Beasts)
 10417 | Lair:1   | Learned a level 1 spell: Apportation
 10490 | Lair:1   | Identified a scroll of acquirement
 10608 | D:9      | Bought a scroll of enchant weapon for 120 gold pieces
 10934 | Lair:2   | Reached skill level 15 in Maces & Flails
 10934 | Lair:2   | Reached XP level 12. HP: 64/64 MP: 12/12
 11052 | Lair:2   | Reached skill level 1 in Invocations
 11067 | Lair:2   | Reached skill level 1 in Dodging
 11158 | Lair:2   | Found a hole to the Spider Nest.
 11351 | Lair:2   | Reached ****** piety under Okawaru
 11392 | Lair:2   | Received a gift from Okawaru
 11709 | Lair:3   | Found a stormy altar of Qazlal.
 11717 | Lair:3   | Reached skill level 5 in Armour
 11722 | Lair:3   | Found a staircase to the Shoals.
 12209 | Lair:3   | Got a faintly glowing ring mail
 12220 | Lair:3   | Identified the cursed +0 ring mail "Zihus" {+Inv rN+ Str+5 Dex-2} (You found it on level 3 of the Lair of Beasts)
 12440 | Lair:4   | Noticed a death yak
 12441 | Lair:4   | Noticed a death yak
 12441 | Lair:4   | Noticed a death yak
 12462 | Lair:3   | Killed a death yak
 12462 | Lair:3   | Reached skill level 5 in Fighting
 12477 | Lair:4   | Noticed a death yak
 12479 | Lair:4   | Noticed a death yak
 12523 | Lair:3   | Killed a death yak
 12534 | Lair:3   | Killed a death yak
 12798 | Lair:4   | Noticed a death yak
 12844 | Lair:3   | Killed a death yak
 12857 | Lair:3   | Killed a death yak
 12931 | Lair:4   | Killed a death yak
 12931 | Lair:4   | Reached XP level 13. HP: 69/73 MP: 16/16
 13087 | Lair:4   | Received a gift from Okawaru
 13447 | Lair:5   | Found a staircase to the Slime Pits.
 14194 | Lair:5   | Reached skill level 5 in Invocations
 14554 | Lair:6   | Entered Level 6 of the Lair of Beasts
 14554 | Lair:6   | Noticed xsansara's ghost (journeyman MiFi)
 14757 | Lair:6   | Received a gift from Okawaru
 14835 | Lair:6   | Killed xsansara's ghost
 15409 | Lair:6   | Received a gift from Okawaru
 15538 | Lair:6   | Gained mutation: Your large and strong wings let you fly indefinitely. [Gargoyle growth]
 15538 | Lair:6   | Reached XP level 14. HP: 66/82 MP: 14/18
 15545 | Lair:6   | Reached skill level 10 in Armour
 15570 | Lair:6   | Found a large runed door.
 15570 | Lair:6   | Found a large runed door.
 15915 | Lair:6   | Reached skill level 5 in Dodging
 16351 | D:11     | Noticed Grum
 16373 | D:11     | Killed Grum
 16405 | D:11     | Noticed Erica
 16419 | D:11     | Killed Erica
 17472 | D:12     | Received a gift from Okawaru
 18433 | D:12     | Identified Heucajau's Compendium of Weightlessness and Arcane Weapons
 18436 | D:12     | Got a heavily runed granite ring
 18441 | D:12     | Identified the ring "Aqora" {rCorr MR+ Dex+4} (You found it on level 12 of the Dungeon)
 18594 | D:13     | Noticed Erolcha
 18612 | D:13     | Killed Erolcha
 19490 | D:13     | Found a gate to the Vaults.
 19558 | D:13     | Received a gift from Okawaru
 19764 | D:13     | Reached XP level 15. HP: 90/90 MP: 20/20
 19977 | D:14     | Slain by an enormous slime creature

Vault maps used:
D:1:      erik_arrival_cave_to_civilisation
D:2:      minmay_misc_feat_rugged, uniq_robin
D:3:      kennysheep_generic_room_2
D:4:      cheibrodos_old_hovel, nicolae_overflow_hidden_temple, first_bread,
          grunt_decor_arrowhead
D:5:      led_sif_book, okawaru_altar_gauntlet_db
D:6:      lightli_sewer_entry_pipes, minmay_door_square,
          kennysheep_small_spiral, corexii_shack, minmay_misc_feat_x
D:7:      overflow_temple_1_default, minmay_temple_entry_fiery
D:8:      overflow_temple_1_default, serial_shops, shop, shop, shop_coins,
          nicolae_shop_stone, nicolae_shop_statue_plus
D:9:      serial_shops, shop
D:10:     dpeg_lair_monsters, hiddenorc1_lemuel, basic_altar, serial_shops,
          nicolae_shop_trees
D:11:     uniq_erica, uniq_grum
D:12:     minmay_shrinking_squares
D:13:     david_vaults_4, uniq_erolcha
D:14:     glass_columns_a, grunt_livestock, dk_noncrumbling_4,
          hangedman_decor_points, st_stairs_11, einodemon_crawler_minivault,
          uniq_nessos
Temple:   regret_index_temple_mists
Lair:1:   patterned_corridor
Lair:2:   spider_nest_entry_webs, beast_lair_carwin_4
Lair:3:   minmay_shoals_entry_lonely_mermaid, basic_altar, lemuel_fruit_tree
Lair:5:   minmay_slime_entry_oklob_open
Lair:6:   cheibrodos_lair_end_hotspot, nicolae_lair_yak_garden
Sewer:    kennysheep_pipe_town

Skill      XL: |  1  2  3  4  5  6  7  8  9 10 11 12 13 14 15 |
---------------+----------------------------------------------+-----
Maces & Flails | 3 4 5 6 7 9 11 13 15 | 15.0
Shields        | 4 5 6 7 9 10 11 12 13 14 | 14.2
Armour         | 7 9 12 | 12.2
Invocations    | 4 6 7 8 |  8.1
Dodging        | 3 4 6 |  6.3
Fighting       | 5 7 9 |  9.3

Action                   |  1- 3 |  4- 6 |  7- 9 | 10-12 | 13-15 || total
-------------------------+-------+-------+-------+-------+-------++-------
Melee: Flail             |   116 |   173 |   556 |   391 |       ||  1236
       Morningstar       |       |       |       |    62 |       ||    62
       Demon whip        |       |       |       |   249 |   948 ||  1197
 Abil: Fly               |       |       |       |       |     1 ||     1
  Use: Scroll            |     7 |     8 |     7 |    10 |    13 ||    45
       Potion            |       |     2 |     2 |     4 |     4 ||    12
  Eat: Chunk             |     2 |     6 |    15 |    22 |    23 ||    68
       Fruit             |       |       |       |     1 |       ||     1
Armor: Scale mail        |    44 |   106 |    19 |       |       ||   169
       Chain mail        |       |       |   304 |   258 |   376 ||   938
       Skin              |       |       |     3 |     6 |     2 ||    11
Dodge: Dodged            |    29 |    47 |   143 |   106 |   186 ||   511
Block: Shield            |    59 |   113 |   308 |   315 |   411 ||  1206
